 Dungeon Crawl Stone Soup version 0.17-a0-2109-g117576f (webtiles) character file.

37 M4edhros the Charlatan (level 3, -1/23 HPs)
             Began as an Octopode Artificer on Oct 19, 2015.
             Slain by an orc
             ... wielding a +0 mace
              (10 damage)
             ... on level 4 of the Dungeon.
             The game lasted 00:02:45 (1560 turns).

M4edhros the Charlatan (Octopode Artificer)         Turns: 1560, Time: 00:02:46

Health: -1/23      AC:  1    Str: 10    XL:     3   Next: 41%
Magic:  5/5        EV: 12    Int: 14    God:
Gold:   102        SH:  0    Dex: 13    Spells: 0 memorised, 2 levels left

rFire  . . .     SeeInvis .     h - +4 mace
rCold  . . .     Clarity  .     (no shield)
rNeg   . . .     SustAt   .     (helmet restricted)
rPois  .         Gourm    .     (no amulet)
rElec  .         Spirit   .     l - ring of teleportation (curse)
rCorr  .         Warding  .     (no ring)
rMut   .         Rnd*Tele +     (no ring)
MR     .....                    (no ring)
Stlth  +++.......               (no ring)
                                (no ring)
                                (no ring)
                                (no ring)

@: not resistant to hostile enchantments, fairly stealthy
A: almost no armour, amphibious, 8 rings, constrict 8, camouflage 1, gelatinous
body 1
a: Evoke Teleportation


You were on level 4 of the Dungeon.
You were not hungry.

You visited 1 branch of the dungeon, and saw 4 of its levels.

You collected 102 gold pieces.

Inventory:

Hand Weapons
 h - a +4 mace (weapon)
 i - a +0 spear
 n - a +0 hunting sling
Missiles
 o - 14 stones (quivered)
Jewellery
 l - a cursed ring of teleportation (left tentacle)
Wands
 b - a wand of flame (14)
 c - a wand of enslavement (20)
 d - a wand of random effects (13)
Scrolls
 j - 4 scrolls of identify
 k - 2 scrolls of remove curse
Potions
 a - a potion of heal wounds {unknown}
 m - a potion of curing {unknown}
Comestibles
 e - a bread ration
 f - a beef jerky
 g - 4 fruits


   Skills:
 + Level 1.6 Fighting
   Level 1.0 Short Blades
 * Level 1.2 Polearms
 + Level 2.4 Dodging
 + Level 1.9 Stealth
 + Level 3.6 Evocations


You had 2 spell levels left.
You didn't know any spells.

Dungeon Overview and Level Annotations

Branches:
Dungeon (4/15)
 Temple: D:4-7

Altars:

Annotations:
D:4 Blork the orc


Innate Abilities, Weirdness & Mutations

You cannot wear most types of armour.
You are amphibious.
You can wear up to eight rings at the same time.
You can use your tentacles to constrict eight enemies at once.
Your skin changes colour to match your surroundings (Stealth).
Your rubbery body absorbs attacks (AC +1).


Message History

A worker ant comes into view.
Found 11 poisoned bolts.
The orc shouts!
You hear a shout!
You hear a shout!
The worker ant twitches its antennae in your direction.
You hear a shout!
Evoke which item? (* to show all) (? for menu, Esc to quit)
Zapping:
c - a wand of enslavement (22)
Press: ? - help, Shift-Dir - straight line, f - orc
Aim: an orc, wielding a mace (chance to defeat MR: 85%)
The worker ant resists with significant effort.
This wand has 21 charges left.
The worker ant waves its antennae.
Evoke which item? (* to show all) (? for menu, Esc to quit)
Zapping:
c - a wand of enslavement (21)
Press: ? - help, Shift-Dir - straight line, f - orc
Aim: an orc, wielding a mace (chance to defeat MR: 85%)
The worker ant resists with significant effort.
This wand has 20 charges left.
The worker ant closely misses you. The orc hits you with a mace!
You die...

...... ..#.#
#####W#.#
.#W....#.####o##
........a...(...
.#.#####.####.#.
. #a####.#...
#.o.....(#
###@a..#..
#..........
#.#.####..#
#.#.. .# # ...
#.## #.# #+#


You could see a phantom, 2 worker ants and an orc.

Vanquished Creatures
  4 orcs (D:3)
  2 ball pythons
  5 bats
  A goblin (D:3)
  A hobgoblin (D:1)
  7 jackals
  A giant cockroach (D:3)
  3 giant newts
  4 kobolds
  4 rats
32 creatures vanquished.

Vanquished Creatures (collateral kills)
  An orc (D:3)
1 creature vanquished.

Vanquished Creatures (others)
  An adder (D:3)
1 creature vanquished.

Grand Total: 34 creatures vanquished

Notes
Turn   | Place    | Note
--------------------------------------------------------------
     0 | D:1      | M4edhros the Octopode Artificer began the quest for the Orb.
     0 | D:1      | Reached XP level 1. HP: 13/13 MP: 3/3
   202 | D:2      | Reached XP level 2. HP: 18/18 MP: 4/4
  1128 | D:3      | Reached skill level 1 in Polearms
  1128 | D:3      | Reached XP level 3. HP: 23/23 MP: 5/5
  1554 | D:4      | Noticed Blork the orc
  1554 | D:4      | Noticed a phantom
  1560 | D:4      | Slain by an orc

Vault maps used:
D:1:      noname_arrival_rooms_in_the_neighbourhood, supply_closet_lemuel,
          serial_bayou_pond_c
D:2:      first_bread, fedhas_altar_2
D:3:      overflow_temple_1_default, lightli_temple_of_fire
D:4:      temple_doors_c, uniq_blork_the_orc

Action                   || total
-------------------------++-------
Melee: Short sword       ||     8
       Spear             ||    58
       Mace              ||     9
Evoke: Wand              ||     7
  Use: Scroll            ||     5
 Stab: Sleeping          ||     3
  Eat: Chunk             ||     2
